 Dungeon Crawl Stone Soup version 0.30-a0-354-g6b83867211 (webtiles) character file.

Game seed: 12012683439952311118

384 pyrow613 the Conjurer (level 6, -8/50 HPs)
             Began as a Demigod Conjurer on Nov 7, 2022.
             Mangled by a gnoll bouda
             ... wielding a +0 whip
              (11 damage)
             ... on level 4 of the Dungeon.
             The game lasted 00:12:15 (2717 turns).

pyrow613 the Conjurer (Demigod Conjurer)            Turns: 2717, Time: 00:12:16

Health: -8/50      AC:  3    Str:  8    XL:     6   Next: 23%
Magic:  5/13       EV: 12    Int: 28    God:
Gold:   200        SH:  0    Dex: 12    Spells: 5/11 levels left

rFire   . . .      SeeInvis .    a - +2 dagger (holy)
rCold   . . .      Faith    .    (no shield)
rNeg    . . .      Spirit   .    e - +0 robe
rPois   .          Reflect  .    (no helmet)
rElec   .          Harm     .    d - +0 cloak
rCorr   .          Rampage  .    (no gloves)
Will    .....                    (no boots)
Stlth   ++........               h - amulet of magic regeneration
HPRegen 0.28/turn                i - ring of flight
MPRegen 0.53/turn                (no ring)

@: brilliant, weakened, flying
A: high MP 1, forlorn, divine attributes
a: no special abilities


You were on level 4 of the Dungeon.
You visited 1 branch of the dungeon, and saw 4 of its levels.

You collected 200 gold pieces.

Inventory:

Hand Weapons
 a - a +2 dagger of holy wrath (weapon)
Armour
 d - a +0 cloak (worn)
 e - a +0 robe (worn)
Jewellery
 h - an amulet of magic regeneration (around neck)
 i - a ring of flight (left hand)
Scrolls
 c - 4 scrolls of identify {unknown}
 f - 2 scrolls of magic mapping {unknown}
 g - 2 scrolls of poison {unknown}
 n - a scroll of teleportation {unknown}
Potions
 b - a potion of magic
 j - a potion of might {unknown}
 k - a potion of brilliance
 l - a potion of experience {unknown}
 m - a potion of degeneration {unknown}


   Skills:
 + Level 2.4 Fighting
 - Level 1.7 Dodging
 - Level 1.7 Stealth
 + Level 3.0 Spellcasting
 * Level 5.4 Conjurations
 + Level 2.1 Hexes


You had 5 spell levels left.
You knew the following spells:

 Your Spells              Type           Power      Damage    Failure   Level
a - Magic Dart            Conj           100%       1d8       1%          1
b - Searing Ray           Conj           100%       2d8       1%          2
c - Dazzling Flash        Conj/Hex       76%        N/A       5%          3

Your spell library contained the following spells:

 Spells                   Type           Power      Damage    Failure   Level
 Fulminant Prism          Conj/Hex       19%        3d11      17%         4
 Iskenderun's Mystic Bla  Conj/Tloc      29%        2d7       26%         4


Dungeon Overview and Level Annotations

Branches:
Dungeon (4/15)
 Temple: D:4-7

Annotations:
D:3 2 transporters, Bravis's ghost, amateur GnWn


Innate Abilities, Weirdness & Mutations

You have an increased reservoir of magic. (+10% MP)
You shall have no god before yourself.
Your divine heritage dramatically boosts your attributes as you level up.


Message History

The gnoll is severely wounded.
You finish channelling your searing ray.
The gnoll bouda hits you with a +0 whip!
Unknown command.
Unknown command.
Casting: Searing Ray (safe; 1% risk of failure)
Confirm with . or Enter, or press ? or * to list all spells.
Aiming: Searing Ray (safe; 1% risk of failure)
Press: ? - help, Shift-Dir - straight line, p - gnoll bouda The searing ray hits the gnoll bouda.
The gnoll bouda is severely wounded.
The searing ray hits the gnoll.
The gnoll is almost dead.
The searing ray misses the gnoll. (Press . to maintain the ray.)
The gnoll closely misses you.
The searing ray misses the gnoll.
The gnoll hits you from afar with a +0 spear!
The gnoll bouda gazes fiercely through you!
You feel your attacks grow feeble.
The gnoll bouda hits you with a +0 whip!
The searing ray misses the gnoll.
The gnoll hits you from afar with a +0 spear.
The gnoll bouda misses you.
The searing ray misses the gnoll.
You finish channelling your searing ray.
The gnoll barely misses you.
The gnoll bouda calls upon its god to heal the gnoll.
The gnoll is healed somewhat.
The gnoll hits you from afar with a +0 spear.
Okay, then.
The gnoll bouda hits you with a +0 whip!
* * * LOW HITPOINT WARNING * * *
Okay, then.
It was a potion of brilliance.
You feel clever all of a sudden.
The gnoll hits you from afar with a +0 spear.
* * * LOW HITPOINT WARNING * * *
The gnoll bouda hits you with a +0 whip!
You die...

### ##.# #### ...# #@.#
...# ##g## #..### #gg##
.....#### ##..##
........### ##))#
..........### ##.##
............### #..##
..............#### ##..##
.................#####.)#


You could see a gnoll bouda and 2 gnolls.

Vanquished Creatures
  An ogre (D:4)
  A phantom (D:4)
  A scorpion (D:4)
  An iguana (D:3)
  3 gnolls (D:4)
  7 adders
  A worm (D:4)
  A dart slug (D:2)
  An orc (D:3)
  2 endoplasms
  A giant cockroach (D:2)
  4 goblins
  4 hobgoblins
  2 jackals (D:1)
  A quokka (D:2)
  15 ball pythons
  6 bats
  4 frilled lizards
  A kobold (D:1)
  3 rats
60 creatures vanquished.

Notes
Turn   | Place    | Note
-------+----------+-------------------------------------------
     0 | D:1      | pyrow613 the Demigod Conjurer began the quest for the Orb.
     0 | D:1      | Reached XP level 1. HP: 14/14 MP: 5/5
   342 | D:1      | Reached XP level 2. HP: 22/22 MP: 7/7
   933 | D:2      | Learned a level 2 spell: Searing Ray
   951 | D:2      | Reached skill level 4 in Conjurations
  1095 | D:2      | Reached skill level 1 in Fighting
  1396 | D:3      | Reached XP level 3. HP: 27/28 MP: 8/8
  1401 | D:3      | Learned a level 3 spell: Dazzling Flash
  1426 | D:3      | Identified the +1 cloak of the Sacrificial Victim {Harm
                  | *Slow Str+6}
  1459 | D:3      | Found a transporter.
  1459 | D:3      | Noticed Bravis's ghost (amateur GnWn)
  1461 | D:3      | Noticed a black bear
  1519 | D:3      | Found a transporter.
  1755 | D:3      | Reached XP level 4. HP: 35/35 MP: 7/10
  1894 | D:3      | Noticed a +0 dagger
  1895 | D:3      | Noticed a +0 dagger
  1896 | D:3      | Noticed a +0 short sword
  1896 | D:3      | Noticed a +0 falchion
  1896 | D:3      | Noticed a +0 falchion
  1897 | D:3      | Noticed a +0 spear
  1897 | D:3      | Noticed a +0 spear
  1898 | D:3      | Noticed a +0 short sword
  1987 | D:3      | Reached skill level 1 in Hexes
  2376 | D:4      | Noticed a phantom
  2392 | D:4      | Killed a phantom
  2393 | D:4      | Reached skill level 5 in Conjurations
  2393 | D:4      | Reached XP level 5. HP: 24/41 MP: 5/11
  2479 | D:4      | Noticed an ogre
  2494 | D:4      | Killed an ogre
  2517 | D:4      | Reached XP level 6. HP: 44/50 MP: 6/13
  2717 | D:4      | Mangled by a gnoll bouda

Illustrated notes

Levels and vault maps discovered:
D:1:      elethiomel_arrival_shortcut, layout_loops_ring,
          shapermc_ecumenical_altar_totnotflames
D:2:      layout_basic
D:3:      layout_basic, nicolae_uskayaw_en_pointe, cheibrodos_ashenzari_chains,
          fedhas_altar_2, gammafunk_ghost_arena, minmay_snake_closets
D:4:      layout_cave_pods, lemuel_crystal_altar, old_standard_altar,
          minmay_temple_entry_metal_lava

Skill      XL: |  1  2  3  4  5 |
---------------+----------------+-----
Spellcasting   | 2 3 |  3.0
Conjurations   | 4 5 |  5.4
Fighting       | 1 2 |  2.4
Hexes          | 1 2 |  2.1
Dodging        | |  1.7
Stealth        | |  1.7

Action                   |  1- 3 |  4- 6 || total
-------------------------+-------+-------++-------
Melee: Dagger            |   103 |    25 ||   128
       Punch             |     2 |       ||     2
 Cast: Magic Dart        |    33 |    14 ||    47
       Searing Ray       |     2 |    12 ||    14
  Use: Potion            |       |     1 ||     1
 Stab: Sleeping          |     6 |     3 ||     9
Armor: Robe              |    40 |     9 ||    49
Dodge: Dodged            |    72 |    31 ||   103

Table legend: (Time is in decaauts)
 A = Elapsed time spent in this place.
 B = Non-inter-level travel time spent in this place.
 C = Inter-level travel time spent in this place.
 D = Time resting spent in this place.
 E = Time spent auto-exploring this place.
 F = Levels seen in this place.
 G = Mean time per level.
                   A        B        C        D        E       F      G
               +--------+--------+--------+--------+--------+-----+--------+
         Total |   2714 |   2612 |    102 |     99 |   2013 |   4 |  678.5 |
       Dungeon |   2714 |   2612 |    102 |     99 |   2013 |   4 |  678.5 |
               +--------+--------+--------+--------+--------+-----+--------+

Top non-repeatable levels by time:
     D:3: 847 daAuts
     D:1: 810 daAuts
     D:2: 572 daAuts
     D:4: 484 daAuts
